 Dungeon Crawl Stone Soup version 0.30-a0-168-g0b976cbdc4 (webtiles) character file.

Game seed: 5504659858371041763

112 bande the Covered (level 4, 0/29 HPs)
             Began as a Gargoyle Fighter on Sept 29, 2022.
             Slain by an orc
             ... wielding a +0 club
              (3 damage)
             ... on level 3 of the Dungeon.
             The game lasted 00:02:21 (2208 turns).

bande the Covered (Gargoyle Fighter)                Turns: 2208, Time: 00:02:22

Health: 0/29       AC: 13    Str: 20    XL:     4   Next: 95%
Magic:  4/4        EV:  7    Int:  8    God:
Gold:   139        SH:  4    Dex: 11    Spells: 3/3 levels left

rFire   . . .      SeeInvis .    a - +1 war axe
rCold   . . .      Faith    .    c - +0 buckler
rNeg    + . .      Spirit   .    h - +0 chain mail
rPois   ∞          Reflect  .    (no helmet)
rElec   +          Harm     .    (no cloak)
rCorr   .          Rampage  .    (no gloves)
Will    .....                    (no boots)
Stlth   ..........               (no amulet)
HPRegen 0.09/turn                (no ring)
MPRegen 0.09/turn                (no ring)

@: no status effects
A: sickness immunity, AC +3, negative energy resistance 1, electricity
resistance, torment resistance 1, petrification resistance
a: no special abilities


You were on level 3 of the Dungeon.
You visited 1 branch of the dungeon, and saw 3 of its levels.

You collected 139 gold pieces.

Inventory:

Hand Weapons
 a - a +1 war axe (weapon)
Armour
 c - a +0 buckler (worn)
 h - a +0 chain mail (worn)
Wands
 j - a wand of digging (3)
Scrolls
 b - a scroll of torment {unknown}
Potions
 d - a potion of might
 e - a potion of curing {unknown}
 f - 2 potions of haste {unknown}
 g - 2 potions of brilliance {unknown}
 i - 3 potions of attraction {unknown}


   Skills:
 + Level 4.2 Fighting
 + Level 3.1 Axes
 + Level 4.2 Armour
 + Level 3.5 Shields


You had 3 spell levels left.
You didn't know any spells.
Your spell library contained the following spells:

 Spells                   Type           Power      Damage    Failure   Level
 Summon Small Mammal      Summ           0%         N/A       99%         1
 Call Canine Familiar     Summ           0%         N/A       100%        3
 Summon Guardian Golem    Hex/Summ       0%         N/A       100%        3
 Summon Lightning Spire   Summ/Air       0%         N/A       100%        4
 Storm Form               Tmut/Air       0%         N/A       100%        7
 Maxwell's Capacitive Co  Air            0%         ∞         100%        8


Dungeon Overview and Level Annotations

Branches:
Dungeon (3/15)

Altars:


Innate Abilities, Weirdness & Mutations

You are immune to sickness and miasma.
Your stone body is resilient. (AC +3)
You are immune to poison.
You resist negative energy. (rN+)
You are resistant to electric shocks. (rElec)
You are resistant to unholy torment.
You are immune to petrification.


Message History

An orc comes into view. It is wielding a +0 dagger.
An orc comes into view. It is wielding a +0 club.
A bat comes into view.
The orc shouts!
An orc priest comes into view.
It is wielding a +2 short sword of venom.
The orc hits you but does no damage.
You slash the orc!
You kill the orc!
The bat hits you but does no damage. x2
The orc priest mumbles some strange prayers to Beogh against you.
Beogh smites you!
The bat hits you but does no damage. x2; The orc priest closely misses you.
The orc hits you with a +0 club. You block the bat's attack.
Things that are here:
a +0 dagger; an orc corpse You slash the orc priest!
The orc priest is heavily wounded.
You hit the orc but do no damage. You hit the bat but do no damage.
You block the bat's attack.
The orc priest hits you with a +0 flail.
You closely miss the orc priest.
The orc priest is heavily wounded.
You hit the bat.
You kill the bat!
You closely miss the orc. The orc barely misses you.
The orc priest invokes the aid of Beogh against you.
Beogh smites you!
* * * LOW HITPOINT WARNING * * *
The orc priest calls down the wrath of Beogh upon you.
You barely resist. The orc hits you but does no damage.
You barely miss the orc priest.
The orc priest is heavily wounded.
You barely miss the orc. The orc closely misses you.
The orc priest hits you with a +0 flail.
* * * LOW HITPOINT WARNING * * *
Unknown command.
You slash the orc priest!
You kill the orc priest!
You barely miss the orc. The orc hits you with a +0 club.
You die...

#.#...#.#.#
##.#####.#>##
#..# #....#
#'## #.#..#
#≈≈~≈≈####.#..#
#≈~≈~≈#..>.#..#
#~≈~≈~# ##....#
#≈~≈~≈# #.##.#
###+### #@# .#
#.ooo†..#
.......###.#
##.#.#. .#
#...#. .# #.#
#. ... .. ## .#


You could see an orc priest and 2 orcs.

Vanquished Creatures
  An orc priest (D:3)
  5 adders
  2 worms (D:2)
  4 dart slugs
  An orc (D:3)
  9 bats
  5 endoplasms
  3 goblins
  5 hobgoblins
  2 jackals (D:1)
  3 quokkas
  3 ball pythons (D:1)
  3 frilled lizards
  6 kobolds
  3 rats
55 creatures vanquished.

Notes
Turn   | Place    | Note
-------+----------+-------------------------------------------
     0 | D:1      | bande the Gargoyle Fighter began the quest for the Orb.
     0 | D:1      | Reached XP level 1. HP: 14/14 MP: 1/1
   212 | D:1      | Reached XP level 2. HP: 19/19 MP: 2/2
   875 | D:1      | Reached XP level 3. HP: 24/24 MP: 3/3
  1408 | D:2      | Reached XP level 4. HP: 21/29 MP: 4/4
  1757 | D:2      | Found a faded altar of an unknown god.
  2208 | D:3      | Slain by an orc

Illustrated notes

Levels and vault maps discovered:
D:1:      minmay_arrival_nine_rooms, layout_loops_corners
D:2:      layout_rooms, basic_ecumenical_altar
D:3:      layout_loops_ring, mainiacjoe_overflow_brackets, serial_shops, shop,
          chequers_serial_rivers_room_b, kennysheep_generic_room_15

Skill      XL: |  1  2  3  4 |
---------------+-------------+-----
Axes           | 2 3 |  3.1
Armour         | 4 |  4.2
Fighting       | 4 |  4.2
Shields        | |  3.5

Action                   |  1- 3 |  4- 6 || total
-------------------------+-------+-------++-------
Melee: War axe           |    90 |    59 ||   149
  Use: Scroll            |     3 |     2 ||     5
Armor: Scale mail        |    30 |       ||    30
       Chain mail        |    39 |    38 ||    77
Dodge: Dodged            |    56 |    31 ||    87
Block: Buckler           |    20 |    14 ||    34

Table legend: (Time is in decaauts)
 A = Elapsed time spent in this place.
 B = Non-inter-level travel time spent in this place.
 C = Inter-level travel time spent in this place.
 D = Time resting spent in this place.
 E = Time spent auto-exploring this place.
 F = Levels seen in this place.
 G = Mean time per level.
                   A        B        C        D        E       F      G
               +--------+--------+--------+--------+--------+-----+--------+
         Total |   2269 |   2236 |     33 |    145 |   1692 |   3 |  756.3 |
       Dungeon |   2269 |   2236 |     33 |    145 |   1692 |   3 |  756.3 |
               +--------+--------+--------+--------+--------+-----+--------+

Top non-repeatable levels by time:
     D:1: 1260 daAuts
     D:2: 737 daAuts
     D:3: 271 daAuts
